 Dungeon Crawl Stone Soup version 0.19-a0-1686-g35356ef (webtiles) character file.

748 AlphabetPasta the Bolt Thrower (level 8, -1/58 HPs)
             Began as a Formicid Arcane Marksman on Sept 24, 2016.
             Slain by a slave (8 damage)
             ... led by Pikel
             ... on level 4 of the Dungeon.
             The game lasted 00:24:32 (5509 turns).

AlphabetPasta the Bolt Thrower (FoAM)               Turns: 5509, Time: 00:24:33

Health: -1/58      AC:  8    Str: 18    XL:     8   Next: 6%
Magic:  0/11       EV: 13    Int: 12    God:
Gold:   225        SH:  0    Dex: 13    Spells: 4 memorised, 5 levels left

rFire  . . .     SeeInvis +     a - +0 hand axe
rCold  . . .     Gourm    .     y - +2 robe {Archmagi}
rNeg   . . .     Faith    .     (no shield)
rPois  +         Spirit   +     (helmet unavailable)
rElec  .         Dismiss  .     (no cloak)
rCorr  .         Reflect  .     m - +2 pair of gloves
MR     .....     Harm     .     (no boots)
Stlth  +.........               j - amulet of guardian spirit
                                w - ring of poison resistance
                                i - +2 ring of dexterity

@: no status effects
A: permanent stasis, dig shafts and tunnels, four strong arms, antennae 3
a: Dig, Shaft Self


You were on level 4 of the Dungeon.
You were not hungry.

You visited 1 branch of the dungeon, and saw 5 of its levels.

You collected 225 gold pieces.

Inventory:

Hand Weapons
 a - a +0 hand axe (weapon)
 b - a +1 hand crossbow
 g - a +0 club
Missiles
 d - 49 bolts
Armour
 e - a +0 robe
 m - a +2 pair of gloves (worn)
 y - a +2 robe of the Archmagi (worn)
Jewellery
 i - a +2 ring of dexterity (left hand)
 j - an amulet of guardian spirit (around neck)
 u - an uncursed amulet of magic regeneration
 w - a ring of poison resistance (right hand)
Wands
 r - a wand of iceblast (3/15)
 v - a wand of lightning (0/15)
 C - a wand of iceblast (7/15)
Scrolls
 n - 2 scrolls of remove curse
 t - 2 scrolls of recharging
Potions
 k - 6 potions of curing
 p - 2 potions of flight
 q - a potion of lignification {unknown}
 s - a potion of agility {unknown}
 x - 2 potions of might
 z - a potion of mutation {unknown}
 A - a potion of cure mutation {unknown}
 B - a potion of ambrosia {unknown}
 E - a potion of brilliance {unknown}
Books
 c - a book of Debilitation

   Spells                             Type                      Level
   a - Corona                         Hexes                        1
   b - Slow                           Hexes                        2
   c - Gell's Gravitas                Hexes/Translocation          3
   d - Inner Flame                    Hexes/Fire                   3
   e - Cause Fear                     Hexes                        4
   f - Leda's Liquefaction            Hexes/Earth                  4
Comestibles
 f - 4 bread rations
 l - a royal jelly
 o - a beef jerky
 D - a chunk of flesh


   Skills:
 + Level 3.1 Fighting
 * Level 3.6 Axes
 * Level 4.3 Crossbows
 + Level 2.8 Armour
 + Level 3.3 Dodging
 + Level 2.5 Spellcasting
 - Level 4.2 Hexes
 + Level 1.4 Charms


You had 5 spell levels left.
You knew the following spells:

 Your Spells              Type           Power        Failure   Level  Hunger
a - Corona                Hex            ###....      6%          1    #......
b - Slow                  Hex            ###.....     10%         2    ###....
c - Repel Missiles        Chrm/Air       #.....       34%         2    ###....
d - Swiftness             Chrm/Air       #.......     34%         2    ###....


Dungeon Overview and Level Annotations

Branches:
Dungeon (5/15)
 Temple: D:4-7

Altars:
Fedhas
Kikubaaqudgha
Ru
Uskayaw
Yredelemnul
Zin

Annotations:
D:2 exclusion: oklob plant
D:3 1 runed door


Innate Abilities, Weirdness & Mutations

You are under a permanent stasis effect.
You can dig through walls and to a lower floor.
Your four strong arms can wield two-handed weapons with a shield.
You have a pair of large antennae on your head. (SInv)


Message History

You hear a mighty clap of thunder!
The bolt of lightning hits the slave.
The slave appears unharmed.
The slave is severely wounded.
Evoking this partially-identified wand wasted a few charges.
The slave barely misses you.
Evoke which item? (* to show all) (? for menu, Esc to quit)
Zapping:
v - a wand of lightning {zapped: 11} (will waste charges)
Press: ? - help, Shift-Dir - straight line, f/p - slave
Aim: a slave, wearing an animal skin (severely wounded)
You hear a mighty clap of thunder!
The bolt of lightning misses the slave.
Evoking this partially-identified wand wasted a few charges.
The slave hits you!
* * * LOW HITPOINT WARNING * * *
Evoke which item? (* to show all) (? for menu, Esc to quit)
Zapping:
v - a wand of lightning {zapped: 13} (will waste charges)
Press: ? - help, Shift-Dir - straight line, f/p - slave
Aim: a slave, wearing an animal skin (severely wounded) Nothing appears to happen.
The slave hits you!
You die...

................................#
...........................##.###
.......####'#.#...###..######.#
..............#........# #.#
..............#........######.#
######........#...............#
#....................#####
#.......####...#####.#
##>.......p@...# #.#
#......#####..#####.# ########
#........# #.######## #.# #.# #.#
#.# #.#


You could see a slave.

Vanquished Creatures
  A centaur (D:5)
  Blork the orc (D:4)
  A scorpion (D:5)
  A vampire bat (D:3)
  A crimson imp (D:5)
  A bullfrog skeleton (D:5)
  An orc priest (D:4)
  An iguana (D:5)
  2 worker ants
  2 human skeletons (D:3)
  2 orc wizards
  A hound zombie (D:5)
  11 adders
  An ooze (D:3)
  A worm (D:3)
  5 dart slugs
  6 leopard geckos
  9 orcs
  A ball python (D:3)
  4 bat skeletons (D:3)
  2 bat zombies (D:3)
  2 giant cockroaches
  11 goblins
  3 hobgoblins
  11 jackals
  A quokka (D:3)
  9 bats
  4 frilled lizards
  A jackal zombie (D:5)
  3 kobolds
  A kobold zombie (D:3)
  7 rats
108 creatures vanquished.

Vanquished Creatures (others)
  12 toadstools (D:2)
12 creatures vanquished.

Grand Total: 120 creatures vanquished

Notes
Turn   | Place    | Note
-------+----------+-------------------------------------------
     0 | D:1      | AlphabetPasta the Formicid Arcane Marksman began the quest for the Orb.
     0 | D:1      | Reached XP level 1. HP: 15/15 MP: 2/2
   196 | D:1      | Reached XP level 2. HP: 21/21 MP: 3/3
   733 | D:1      | Reached skill level 1 in Axes
   733 | D:1      | Reached XP level 3. HP: 26/26 MP: 5/5
  1420 | D:2      | Learned a level 1 spell: Corona
  1423 | D:2      | Learned a level 2 spell: Slow
  1662 | D:2      | Reached XP level 4. HP: 23/32 MP: 6/6
  1823 | D:2      | Found a blossoming altar of Fedhas.
  1835 | D:2      | Noticed an oklob plant
  2030 | D:2      | Found a sacrificial altar of Ru.
  2126 | D:2      | Reached XP level 5. HP: 29/38 MP: 7/7
  2473 | D:3      | Found a runed door.
  2473 | D:3      | Noticed a human
  2486 | D:3      | Reached skill level 1 in Armour
  2957 | D:3      | Found a basalt altar of Yredelemnul.
  3031 | D:3      | Reached XP level 6. HP: 10/44 MP: 9/9
  3382 | D:3      | Found a glowing silver altar of Zin.
  3838 | D:3      | Found an ancient bone altar of Kikubaaqudgha.
  4049 | D:3      | Learned a level 2 spell: Repel Missiles
  4052 | D:3      | Learned a level 2 spell: Swiftness
  4281 | D:4      | Reached XP level 7. HP: 40/51 MP: 8/10
  4622 | D:4      | Noticed Blork the orc
  4629 | D:4      | Killed Blork the orc
  5078 | D:4      | Upgraded the game from 0.19-a0-1682-g5114f93 to 0.19-a0-1686-g35356ef
  5079 | D:5      | Entered Level 5 of the Dungeon
  5103 | D:5      | Reached skill level 1 in Charms
  5187 | D:5      | Noticed a dagger
  5188 | D:5      | Noticed a hand axe
  5191 | D:5      | Found a hide-covered altar of Uskayaw.
  5430 | D:5      | Reached XP level 8. HP: 15/58 MP: 3/11
  5509 | D:4      | Slain by a slave

Vault maps used:
D:1:      dpeg_arrival_shelter
D:2:      nicolae_ru_the_path_less_chosen, tgw_fedhas
D:3:      kennysheep_vampire_church, zin_scriptorium, first_bread,
          dk_yredelemnul_ordeal
D:4:      minivault_23, uniq_blork_the_orc
D:5:      dancing_weapons_uskayaw,
          nicolae_gozag_cash_rules_everything_around_me, uniq_pikel

Skill      XL: |  1  2  3  4  5  6  7 |
---------------+----------------------+-----
Dodging        | 2 3 |  3.3
Axes           | 1 2 3 |  3.6
Crossbows      | 3 4 |  4.3
Armour         | 1 2 |  2.8
Spellcasting   | 2 |  2.5
Fighting       | 2 3 |  3.1
Hexes          | 4 |  4.2
Charms         | 1 |  1.4

Action                   |  1- 3 |  4- 6 |  7- 9 || total
-------------------------+-------+-------+-------++-------
Melee: Hand axe          |   130 |   256 |   134 ||   520
 Fire: Hand crossbow     |    19 |    33 |    23 ||    75
 Cast: Repel Missiles    |       |     1 |       ||     1
Evoke: Wand              |       |       |     5 ||     5
  Use: Scroll            |     4 |     7 |     3 ||    14
       Potion            |       |     3 |     2 ||     5
 Stab: Sleeping          |       |     3 |       ||     3
  Eat: Chunk             |     3 |     7 |     4 ||    14
       Beef jerky        |       |     1 |       ||     1
Armor: Robe              |    45 |    77 |    38 ||   160
Dodge: Dodged            |   110 |   189 |    90 ||   389
       Deflected         |       |       |     2 ||     2
